 Dungeon Crawl Stone Soup version 0.26-a0-259-g1effd001a9 (webtiles) character file.

Game seed: 18265479233090269647

219 sanka the Chopper (level 5, -2/46 HPs)
             Began as a Ghoul Monk on July 10, 2020.
             Slain by an iguana (7 damage)
             ... on level 4 of the Dungeon.
             The game lasted 00:05:28 (3476 turns).

sanka the Chopper (Ghoul Monk)                      Turns: 3476, Time: 00:05:29

Health: -2/46      AC:  4    Str: 12    XL:     5   Next: 96%
Magic:  4/4        EV: 13    Int:  5    God:
Gold:   114        SH:  0    Dex: 11    Spells: 4/4 levels left

rFire    . . .     SeeInvis .   a - +0 hand axe
rCold    + . .     Faith    .   (no shield)
rNeg     + + +     Spirit   .   b - +0 robe
rPois    ∞         Reflect  .   (no helmet)
rElec    .         Harm     .   g - +0 cloak
rCorr    .                      (no gloves)
MR       .....                  l - +0 pair of boots
Stlth    ++........             (no amulet)
HPRegen  0.00/turn              o - -4 ring of strength (curse)
MPRegen  0.09/turn              p - ring of wizardry

@: rotting
A: rotting body, claws 1, carnivore, cold resistance 1, negative energy
resistance 3, inhibited regeneration, torment resistance, unbreathing
a: no special abilities


You were on level 4 of the Dungeon.
You were not hungry.

You visited 1 branch of the dungeon, and saw 4 of its levels.

You collected 114 gold pieces.


Innate Abilities, Weirdness & Mutations

Your body is rotting away.
You thrive on raw meat.
You are immune to poison.
You have sharp fingernails.
You are carnivorous and can eat meat at any time.
Your flesh is cold resistant. (rC+)
You are immune to negative energy. (rN+++)
You do not regenerate when monsters are visible.
You are immune to unholy pain and torment.
You can survive without breathing.


   Skills:
 - Level 4.0 Fighting
 * Level 5.4 Axes
 - Level 3.0 Dodging
 - Level 2.1 Stealth


You had 4 spell levels left.
You didn't know any spells.
Your spell library was empty.

Inventory:

Hand Weapons
 a - a +0 hand axe (weapon)
Missiles
 c - 43 sling bullets
 e - 75 stones (quivered)
Armour
 b - a +0 robe (worn)
 g - a +0 cloak (worn)
 l - a +0 pair of boots (worn)
Jewellery
 o - a cursed -4 ring of strength (left claw)
 p - a ring of wizardry (right claw)
Scrolls
 f - a scroll of remove curse
 h - 5 scrolls of teleportation {@r4}
 i - a scroll of enchant armour
 n - 2 scrolls of fear {unknown}
 t - a scroll of random uselessness {unknown}
Potions
 d - a potion of heal wounds {unknown}
 j - 2 potions of haste {unknown}
 k - 2 potions of degeneration {unknown}
 m - a potion of lignification {unknown}
 q - a potion of curing {unknown}
 r - a potion of brilliance {unknown}
 s - a potion of ambrosia {unknown}

Dungeon Overview and Level Annotations

Branches:
Dungeon (4/15)
 Temple: D:4-7

Altars:
Gozag
Qazlal
Sif Muna
Wu Jian

Annotations:
D:3 exclusion: door
D:4 1 transporter

.........▒▒▒▒...▒...
..........▒▒▒▒▒▒▒
.........[?▒
......%....▒
..........▒▒▒▒▒
.......▒......▒▒
......▒▒.......▒
.....▒ ▒...l.)▒▒
..... ▒▒..n.▒▒ ...
▒....▒▒ ▒.....▒
▒▒....▒ ▒...▒▒ ▒▒▒▒▒


You could see an iguana.


Message History

You eat the chunk of flesh.
The iguana closely misses you. Natasha claws you but does no damage.
Unknown command.
You hit Natasha but do no damage.
Natasha is almost dead.
You hit the iguana but do no damage. The iguana closely misses you.
Natasha barely misses you.
Unknown command.
You hit Natasha.
You kill Natasha!
Natasha screams in pain as she dies!
You hit the iguana but do no damage. The iguana misses you.
Unknown command.
Unknown command.
You barely miss the iguana. The iguana closely misses you.
Unknown command.
You closely miss the iguana. The iguana bites you!
* * * LOW HITPOINT WARNING * * *
Unknown command.
You hit the iguana but do no damage. The iguana closely misses you.
Unknown command.
You barely miss the iguana. The iguana bites you!
You die...

Action                   |  1- 3 |  4- 6 || total
-------------------------+-------+-------++-------
Melee: Hand axe          |    92 |   164 ||   256
  Use: Scroll            |       |     3 ||     3
 Stab: Sleeping          |     5 |       ||     5
       Distracted        |       |     1 ||     1
  Eat: Chunk             |     3 |    15 ||    18
Armor: Robe              |    26 |    43 ||    69
Dodge: Dodged            |    73 |   128 ||   201

Levels and vault maps discovered:
D:1:      evilmike_arrival_crescent, layout_basic
D:2:      layout_loops_cross, nicolae_qazlal_eye_of_the_storm,
          nicolae_gozag_cash_rules_everything_around_me, marbit_many_paths
D:3:      minmay_chambers_of_threes, layout_loops_ring, led_sif_book
D:4:      cheibrodos_greedy_goblins, layout_cave_pools, first_ration,
          gammafunk_ghost_stat_death, uniq_natasha

Notes
Turn   | Place    | Note
-------+----------+-------------------------------------------
     0 | D:1      | sanka the Ghoul Monk began the quest for the Orb.
     0 | D:1      | Reached XP level 1. HP: 19/19 MP: 0/0
   324 | D:1      | Reached skill level 3 in Axes
   324 | D:1      | Reached XP level 2. HP: 26/26 MP: 1/1
   763 | D:2      | Reached skill level 3 in Dodging
   763 | D:2      | Reached XP level 3. HP: 13/30 MP: 2/2
   943 | D:2      | Found an ornate altar of the Wu Jian Council.
  1262 | D:2      | Found an opulent altar of Gozag.
  1515 | D:2      | Reached skill level 4 in Fighting
  1515 | D:2      | Reached XP level 4. HP: 34/40 MP: 3/3
  1660 | D:2      | Found a stormy altar of Qazlal.
  2017 | D:3      | Reached skill level 4 in Axes
  2115 | D:3      | Found a shimmering blue altar of Sif Muna.
  2843 | D:3      | Reached XP level 5. HP: 38/46 MP: 4/4
  3427 | D:4      | Reached skill level 5 in Axes
  3450 | D:4      | Found a transporter.
  3454 | D:4      | Noticed Natasha
  3472 | D:4      | Killed Natasha
  3476 | D:4      | Slain by an iguana

Vanquished Creatures
  2 orc priests
  Natasha (D:4)
  5 adders
  An ooze (D:2)
  3 worms
  A dart slug (D:1)
  2 leopard geckos (D:3)
  4 orcs (D:3)
  2 giant cockroaches
  3 goblins
  9 hobgoblins
  4 jackals (D:3)
  14 kobolds
  A quokka (D:3)
  3 ball pythons
  6 bats
  5 frilled lizards
  6 rats
72 creatures vanquished.
